 Dungeon Crawl Stone Soup version 0.28-a0-511-gcc94558de3 (webtiles) character file.

Game seed: 5616901760475071743

823 peenler the Magician (level 8, -10/58 HPs)
             Began as a Djinni Cinder Acolyte on Sept 20, 2021.
             Was a Follower of Ignis.
             Mangled by a hornet (12 damage)
             ... on level 6 of the Dungeon on Sept 21, 2021.
             The game lasted 00:33:10 (6914 turns).

peenler the Magician (Djinni Cinder Acolyte)        Turns: 6914, Time: 00:33:14

Health: -10/58     AC:  5    Str: 19    XL:     8   Next: 17%
Gold:   181        EV: 11    Int: 19    God:    Ignis [*.....] SH:  0 Dex:  8

rFire   + + +      SeeInvis .   m - +0 flail
rCold   . . .      Faith    .   (no shield)
rNeg    . . .      Spirit   .   s - +0 ring mail of the Postmodern Lives {+Blink rC+}
rPois   ∞          Reflect  .   (no helmet)
rElec   .          Harm     .   (no cloak)
rCorr   .          Rampage  .   (no gloves)
Will    .....                   (boots unavailable)
Stlth   +.........              (no amulet)
HPRegen 0.19/turn               l - +6 ring of strength
MPRegen 0.00/turn               (no ring)

@: flying
A: sickness immunity, fire resistance 2, cold vulnerability 1, float, innate
caster, hp casting, extra vitality 1
a: Renounce Religion, Evoke Blink, Sea of Fire, Foxfire Swarm


You were on level 6 of the Dungeon.
You worshipped Ignis.
Ignis was aware of your devotion.
You visited 1 branch of the dungeon, and saw 6 of its levels.

You collected 181 gold pieces.

Inventory:

Hand Weapons
 a - a -1 falchion of flaming
 m - a +0 flail (weapon)
 w - a +1 antimagic trident
Armour
 b - a +0 robe
 c - a +0 robe of willpower
 s - the +0 ring mail of the Postmodern Lives (worn) {+Blink rC+}
   (You found it on level 4 of the Dungeon)

   rC:        It protects you from cold.
   +Blink:    It lets you blink.
 v - a +0 kite shield
Jewellery
 l - a +6 ring of strength (left hand)
 y - a +4 ring of evasion
Wands
 d - a wand of acid (9)
 j - a wand of flame (25)
Scrolls
 e - a scroll of magic mapping
 f - a scroll of blinking
 g - a scroll of summoning {unknown}
 h - 3 scrolls of identify
 p - a scroll of fog {unknown}
 q - a scroll of teleportation {unknown}
 r - a scroll of acquirement
 u - a scroll of vulnerability {unknown}
Potions
 i - 2 potions of attraction {unknown}
 k - a potion of invisibility {unknown}
 n - a potion of berserk rage {unknown}
 o - 4 potions of curing {unknown}
 t - 5 potions of flight {unknown}
 x - 2 potions of mutation {unknown}


   Skills:
 + Level 3.9 Fighting
 + Level 3.5 Long Blades
 + Level 0.4 Maces & Flails
 + Level 2.0 Armour
 + Level 2.5 Dodging
 + Level 1.4 Stealth
 + Level 5.5 Spellcasting


You had 10 spell levels left.
You knew the following spells:

 Your Spells              Type           Power      Damage    Failure   Level
a - Scorch                Fire           52%        2d8       3%          2
b - Animate Skeleton      Necr           52%        N/A       1%          1
c - Slow                  Hex            26%        N/A       3%          2
d - Frozen Ramparts       Ice            52%        1d7       6%          3
Your spell library was empty.

Dungeon Overview and Level Annotations

Branches:
Dungeon (6/15)             Temple (0/1) D:4

Altars:
Makhleb

Shops:
D:4 ?


Innate Abilities, Weirdness & Mutations

You are immune to sickness and miasma.
You are immune to poison.
Your flesh is very heat resistant. (rF++)
You are vulnerable to cold. (rC-)
You float through the air rather than walking.
You learn spells naturally, not from books.
Your magical power is your life essence.
You have superior vitality. (+4 HP)


Message History

Flames leap up around you! The hornet stings you!
* * * LOW HITPOINT WARNING * * *
The foxfire hits something.
Your foxfire dissipates!
The hornet is no longer more vulnerable to fire.
The foxfire hits something.
The foxfire hits the hornet but does no damage.
The hornet is lightly wounded.
The foxfire hits the hornet but does no damage.
The hornet is lightly wounded.
The foxfire hits the hornet but does no damage.
The hornet is lightly wounded.
The foxfire hits the hornet.
The hornet is lightly wounded.
The foxfire hits the hornet.
The hornet is moderately wounded.
The foxfire hits something.
The foxfire hits the hornet.
The hornet is heavily wounded.
The foxfire hits the hornet but does no damage.
The hornet is heavily wounded.
The foxfire hits the hornet.
The hornet is severely wounded.
The foxfire hits the hornet but does no damage.
The hornet is severely wounded.
The foxfire hits the hornet but does no damage.
The hornet is severely wounded.
The foxfire hits the hornet but does no damage.
The hornet is severely wounded.
The foxfire hits something.
Reactivating autopickup.
You feel a bit more experienced. The hornet closely misses you.
An orc priest comes into view. It is wielding a +0 flail.
Casting: Scorch (safe; 3% risk of failure)
Confirm with . or Enter, or press ? or * to list all spells.
Flames lash the hornet.
The hornet is severely wounded.
The hornet's fire resistance burns away.
* * * LOW HITPOINT WARNING * * *
The hornet stings you!
You die...

#.# ##.#.##########.# #.#
#.### #.# #.# #.# ######.##
... ##+## #.......# #.#
##...## #.####..# ...
##.....## #.####..# #.#
##.......####.#.##..#
...Z###...........<(......#
...oooo..y@................
..Z>###).........##.......#
# ##.......#.##.#.#...#
##.....##.##.......#
##...###.###.###.## ##'##
#.# #.# #.# ########)#
#.###.###.# #........#
#.........# #..........##
#####.#####


You could see a hornet (combustible), an orc priest, 3 orcs and a bullfrog
skeleton.

Vanquished Creatures
  Duvessa (D:5)
  A sky beast (D:4)
  A necrophage (D:4)
  A centaur (D:6)
  Dowan (D:5)
  A water moccasin skeleton (D:5)
  2 hounds
  An orc priest (D:4)
  A bullfrog skeleton (D:5)
  A centaur skeleton (D:4)
  An orc wizard (D:6)
  4 gnolls (D:5)
  A howler monkey skeleton (D:5)
  2 adders
  An ufetubus (D:5)
  2 worms
  3 dart slugs
  5 orcs
  6 ball pythons
  3 bat skeletons (D:3)
  An endoplasm (D:2)
  2 giant cockroaches
  2 goblins (D:2)
  4 hobgoblins
  4 jackals (D:3)
  6 kobolds
  12 bats
  2 frilled lizards
  2 rats
74 creatures vanquished.

Vanquished Creatures (others)
  31 foxfires
31 creatures vanquished.

Grand Total: 105 creatures vanquished

Notes
Turn   | Place    | Note
-------+----------+-------------------------------------------
     0 | D:1      | peenler the Djinni Cinder Acolyte began the quest for the
                  | Orb.
     0 | D:1      | Reached XP level 1. HP: 20/20 MP: 0/0
   226 | D:1      | Reached XP level 2. HP: 23/25 MP: 0/0
   261 | D:1      | You are sucked into a shaft and drop 1 floor!
  1423 | D:1      | You are sucked into a shaft and drop 1 floor!
  1555 | D:3      | Reached XP level 3. HP: 22/30 MP: 0/0
  1555 | D:3      | Learned a level 1 spell: Animate Skeleton
  1802 | D:3      | HP: 1/30 [jackal (1)]
  2691 | D:3      | Reached skill level 3 in Spellcasting
  2691 | D:3      | Reached XP level 4. HP: 22/35 MP: 0/0
  2708 | D:3      | Reached XP level 5. HP: 18/40 MP: 0/0
  2708 | D:3      | Learned a level 2 spell: Slow
  3158 | D:2      | Upgraded the game from 0.28-a0-503-g83f2989fac to
                  | 0.28-a0-511-gcc94558de3
  3185 | D:2      | You are sucked into a shaft and drop 2 floors!
  3253 | D:4      | Reached skill level 1 in Dodging
  3325 | D:4      | Reached skill level 1 in Stealth
  3517 | D:4      | Found a staircase to the Ecumenical Temple.
  3717 | D:4      | Found Gaubb's Magic Scroll Emporium.
  3844 | D:4      | Reached XP level 6. HP: 29/46 MP: 0/0
  4006 | D:4      | Noticed a sky beast
  4013 | D:4      | Killed a sky beast
  4014 | D:4      | Reached skill level 4 in Spellcasting
  4148 | D:4      | Identified the +0 ring mail of the Postmodern Lives {+Blink
                  | rC+}
  4568 | D:4      | Noticed a necrophage
  4578 | D:4      | Killed a necrophage
  4579 | D:4      | Reached XP level 7. HP: 35/51 MP: 0/0
  4579 | D:4      | Learned a level 3 spell: Frozen Ramparts
  4784 | D:5      | Entered Level 5 of the Dungeon
  5188 | D:5      | Reached skill level 1 in Armour
  5742 | D:5      | Identified a scroll of acquirement
  5913 | D:5      | Noticed Duvessa
  5914 | D:5      | Noticed Dowan
  5921 | D:5      | Killed Duvessa
  5922 | D:5      | Reached skill level 5 in Spellcasting
  5929 | D:5      | Killed Dowan
  6447 | D:5      | Found a burning altar of Makhleb.
  6674 | D:6      | Reached XP level 8. HP: 28/58 MP: 0/0
  6905 | D:6      | Noticed a hornet
  6914 | D:6      | Mangled by a hornet

Illustrated notes

Levels and vault maps discovered:
D:1:      minmay_arrival_pointy, layout_loops_corners,
          dilly_ecumenical_altar_fadedgnrine
D:2:      layout_loops_corners
D:3:      layout_loops_cross, goddamned_bats
D:4:      layout_basic, temple_hall, serial_shops, shop_fountains,
          hangedman_abyss_or_decor_stabs, minmay_crystal_room
D:5:      layout_loops_cross, lightli_temple_of_fire, uniq_duvessa
D:6:      layout_loops_corners

Skill      XL: |  1  2  3  4  5  6  7  8 |
---------------+-------------------------+-----
Long Blades    | 3 |  3.5
Spellcasting   | 3 4 5 |  5.5
Dodging        | 1 2 |  2.5
Stealth        | 1 |  1.4
Armour         | 1 2 |  2.0
Fighting       | |  3.9
Maces & Flails | |  0.4

Action                   |  1- 3 |  4- 6 |  7- 9 || total
-------------------------+-------+-------+-------++-------
Melee: Falchion          |    35 |    19 |       ||    54
       Flail             |       |     5 |     4 ||     9
 Cast: Scorch            |    29 |    36 |    39 ||   104
       Animate Skeleton  |     4 |     5 |     2 ||    11
       Slow              |       |     3 |     1 ||     4
       Frozen Ramparts   |       |       |     3 ||     3
Invok: Foxfire Swarm     |     3 |       |     1 ||     4
       Sea of Fire       |     2 |       |       ||     2
       Rising Flame      |     1 |     1 |       ||     2
 Abil: Evoke Blink       |       |       |     1 ||     1
  Use: Scroll            |     1 |       |     6 ||     7
       Potion            |     1 |       |       ||     1
Armor: Robe              |    37 |    21 |       ||    58
       Ring mail         |       |     1 |    10 ||    11
Dodge: Dodged            |    69 |    45 |    13 ||   127

Table legend: (Time is in decaauts)
 A = Elapsed time spent in this place.
 B = Non-inter-level travel time spent in this place.
 C = Inter-level travel time spent in this place.
 D = Time resting spent in this place.
 E = Time spent auto-exploring this place.
 F = Levels seen in this place.
 G = Mean time per level.
                   A        B        C        D        E       F      G
               +--------+--------+--------+--------+--------+-----+--------+
         Total |   6921 |   6883 |     38 |   3033 |   2020 |   6 | 1153.5 |
       Dungeon |   6921 |   6883 |     38 |   3033 |   2020 |   6 | 1153.5 |
               +--------+--------+--------+--------+--------+-----+--------+

Top non-repeatable levels by time:
     D:5: 1803 daAuts
     D:4: 1596 daAuts
     D:2: 1440 daAuts
     D:3: 1393 daAuts
     D:1: 359 daAuts
     D:6: 327 daAuts
